 Dungeon Crawl Stone Soup version 0.23.1 (webtiles) character file.

Game seed: 0

8857 delarado the Grappler (level 11, -2/109 HPs)
             Began as a Troll Berserker on Mar 8, 2019.
             Was an Elder of Trog.
             Slain by a killer bee (8 damage)
             ... on level 10 of the Dungeon.
             The game lasted 00:36:38 (8700 turns).

delarado the Grappler (Troll Berserker)             Turns: 8700, Time: 00:36:39

Health: -2/109     AC: 12    Str: 30    XL:     11   Next: 15%
Magic:  10/10      EV: 12    Int:  3    God:    Trog [****..]
Gold:   753        SH:  0    Dex:  9    Spells: 10/10 levels left

rFire    + . .     SeeInvis .     - Unarmed
rCold    . . .     Gourm    +   (no shield)
rNeg     . . .     Faith    .   H - +0 steam dragon scales
rPois    .         Spirit   .   (helmet restricted)
rElec    .         Reflect  .   B - +2 cloak
rCorr    .         Harm     .   (gloves unavailable)
MR       ++...                  (boots unavailable)
Stlth    +.........             q - amulet of the acrobat
HPRegen  1.68/turn              p - ring of protection from fire
MPRegen  0.12/turn              (no ring)

@: lethally poisoned (-2 -> -2), about to teleport, berserk cooldown,
regenerating, slowed, very slow
A: large, unfitting armour, claws 3, fast metabolism 3, gourmand, regeneration
1, shaggy fur 1, tough skin 3
a: Berserk, Trog's Hand, Brothers in Arms, Renounce Religion


You were on level 10 of the Dungeon.
You worshipped Trog.
Trog was greatly pleased with you.
You were full.

You visited 1 branch of the dungeon, and saw 10 of its levels.
You also visited: Bailey.

You collected 993 gold pieces.
You spent 240 gold pieces at shops.

Inventory:

Hand Weapons
 d - a +0 fustibalus
 u - a +1 whip of electrocution
Missiles
 c - 379 stones
 i - 21 curare-tipped needles
 l - 2 poisoned tomahawks
 r - 56 sling bullets
 t - 4 javelins (quivered)
 C - 30 tomahawks of returning
Armour
 a - a +0 animal skin
 B - a +2 cloak (worn)
 H - +0 steam dragon scales (worn)
Jewellery
 p - a ring of protection from fire (left claw)
 q - an amulet of the acrobat (around neck)
 v - an uncursed ring of resist corrosion
 J - an uncursed ring of protection from fire
Wands
 y - a wand of iceblast (15)
 I - a wand of digging (6)
Scrolls
 f - 4 scrolls of fear
 h - 3 scrolls of enchant armour
 m - a scroll of immolation
 n - 6 scrolls of teleportation
 w - a scroll of magic mapping {unknown}
 A - a scroll of holy word {unknown}
 E - a scroll of fog {unknown}
 G - a scroll of remove curse
Potions
 e - 4 potions of curing
 g - 3 potions of flight
 j - a potion of mutation
 k - 2 potions of brilliance {unknown}
 o - 2 potions of lignification
 s - a potion of berserk rage {unknown}
 x - 2 potions of heal wounds {unknown}
 z - 2 potions of haste
 K - a potion of resistance {unknown}
Miscellaneous
 D - a phial of floods
 F - a sack of spiders
Comestibles
 b - 21 rations


   Skills:
 + Level 7.1 Fighting
 + Level 2.6 Armour
 + Level 7.1 Dodging
 - Level 12.8 Unarmed Combat


You had 10 spell levels left.
You didn't know any spells.
Your spell library was empty.

Dungeon Overview and Level Annotations

Branches:
Dungeon (10/15)            Temple (0/1) D:4
   Lair: D:8-11         Orc: D:9-12

Altars:
Gozag
Okawaru
Trog
Vehumet
Wu Jian
Xom

Shops:
D:9 [

Portals:
Trove: D:10 (give +3 shadow dragon scales)


Innate Abilities, Weirdness & Mutations

You are too large for most types of armour.
You have claws for hands.
Your metabolism is lightning-fast.
You like to eat raw meat.
Your natural rate of healing is unusually fast.
You are covered in fur. (AC +1)
You have extremely tough skin. (AC +3)


Message History

As you read the scroll of fear, it crumbles to dust.
You assume a fearsome visage.
The orc looks frightened! x5
The killer bee looks frightened!
Cornered, the killer bee turns to fight!
The killer bee stings you.
* * * LOW HITPOINT WARNING * * *
As you read the scroll of teleportation, it crumbles to dust.
You feel strangely unstable.
You feel sick.
You are no longer poisoned.
The killer bee stings you.
* * * LOW HITPOINT WARNING * * *
You are poisoned.
The killer bee poisons you!
The killer bee stings you but does no damage. x2
Your skin crawls.
You feel resistant to hostile enchantments.
You feel somewhat less full. Trog will no longer gift you weapons.
You feel sick. The killer bee stings you!
You die...

..## .oo. .o... ...o.
..#... !.#$..###
#####.y)# #@########
#)†(.....# ##.########
#..# ##.{# #...# #####
#...# #...# #...#
######...#####...########


You could see a killer bee and 4 orcs.

Vanquished Creatures
  Snorg (D:10)
  Erolcha (D:9)
  Fannar (D:10)
  2 orc knights (Bailey)
  Pikel (D:9)
  An ugly thing (D:7)
  A hornet (D:7)
  A hippogriff (D:9)
  2 humans (D:8)
  A steam dragon (D:10)
  A water moccasin (D:10)
  An acid dragon (D:9)
  2 slaves (D:9)
  4 orc warriors
  4 phantoms
  2 ice beasts
  7 ogres
  6 centaurs
  A big kobold (D:9)
  3 bullfrogs
  A water moccasin zombie (D:10)
  2 scorpions
  11 killer bees
  The ghost of crawlian the Insei, a weakling GnTm of Okawaru (D:3)
  3 wights (D:9)
  2 howler monkeys
  2 crimson imps
  2 hounds
  2 bullfrog zombies
  2 orc priests
  2 jellies (D:10)
  5 orc wizards
  2 centaur skeletons
  Jessica (D:2)
  4 worker ants
  2 iguanas
  A killer bee zombie (D:6)
  A hound zombie (D:6)
  9 gnolls
  5 adders
  3 shadow imps
  2 adder skeletons
  3 worms
  4 dart slugs
  5 leopard geckos
  16 orcs
  4 giant cockroaches
  17 goblins
  6 hobgoblins
  4 jackals (D:1)
  8 quokkas
  2 ball pythons
  4 bats
  5 frilled lizards
  21 kobolds
  A quokka skeleton (D:5)
  A quokka zombie (D:6)
  4 rats
213 creatures vanquished.

Vanquished Creatures (collateral kills)
  2 orcs (Bailey)
  2 hobgoblins (Bailey)
  2 kobolds (Bailey)
6 creatures vanquished.

Grand Total: 219 creatures vanquished

Notes
Turn   | Place    | Note
-------+----------+-------------------------------------------
     0 | D:1      | delarado the Troll Berserker began the quest for the Orb.
     0 | D:1      | Reached XP level 1. HP: 22/22 MP: 0/0
   130 | D:1      | Reached XP level 2. HP: 27/29 MP: 1/1
   366 | D:1      | Reached skill level 4 in Unarmed Combat
   372 | D:1      | Reached ** piety under Trog
   427 | D:1      | Reached XP level 3. HP: 35/36 MP: 2/2
   958 | D:2      | Reached XP level 4. HP: 42/44 MP: 3/3
  1000 | D:2      | Noticed Jessica
  1008 | D:2      | Killed Jessica
  1008 | D:2      | Reached skill level 5 in Unarmed Combat
  1728 | D:3      | Reached XP level 5. HP: 50/50 MP: 4/4
  1874 | D:3      | Reached skill level 6 in Unarmed Combat
  1948 | D:3      | Found a runed translucent door.
  1949 | D:3      | Noticed crawlian's ghost (weakling GnTm)
  1963 | D:3      | Killed crawlian's ghost
  2355 | D:4      | Found a staircase to the Ecumenical Temple.
  2365 | D:4      | Found a bloodstained altar of Trog.
  2687 | D:5      | Entered Level 5 of the Dungeon
  2708 | D:5      | Reached XP level 6. HP: 59/59 MP: 5/5
  2777 | D:5      | Noticed an ice beast
  2780 | D:5      | Killed an ice beast
  2780 | D:5      | Reached skill level 7 in Unarmed Combat
  3032 | D:5      | Reached skill level 8 in Unarmed Combat
  3142 | D:5      | Reached *** piety under Trog
  3142 | D:5      | Reached XP level 7. HP: 61/66 MP: 6/6
  3424 | D:5      | Reached skill level 9 in Unarmed Combat
  3565 | D:5      | Reached skill level 10 in Unarmed Combat
  3565 | D:5      | Reached XP level 8. HP: 43/74 MP: 7/7
  4043 | D:6      | Found a shimmering altar of Xom.
  4134 | D:6      | Reached skill level 11 in Unarmed Combat
  4138 | D:6      | Received a gift from Trog
  4346 | D:7      | Noticed a brown ugly thing
  4350 | D:7      | Killed a brown ugly thing
  4350 | D:7      | Reached XP level 9. HP: 80/80 MP: 8/8
  4487 | D:7      | Reached skill level 12 in Unarmed Combat
  4566 | D:7      | Paralysed by a hornet for 3 turns
  5209 | D:7      | Found an opulent altar of Gozag.
  5210 | D:7      | Found an ornate altar of the Wu Jian Council.
  5312 | D:8      | Found an iron altar of Okawaru.
  6677 | D:9      | Reached **** piety under Trog
  6878 | D:9      | Found a radiant altar of Vehumet.
  6940 | D:9      | Noticed Pikel
  6954 | D:9      | Killed Pikel
  6954 | D:9      | Reached XP level 10. HP: 94/94 MP: 9/9
  7157 | D:9      | Noticed Erolcha
  7177 | D:9      | Killed Erolcha
  7177 | D:9      | Reached skill level 5 in Fighting
  7177 | D:9      | Reached skill level 5 in Dodging
  7278 | D:9      | Found Xiarau's Antique Armour Shop.
  7283 | D:9      | Bought an embroidered cloak for 240 gold pieces
  7565 | D:10     | Entered Level 10 of the Dungeon
  7567 | D:10     | Found a flagged portal.
  7580 | Bailey   | Entered a bailey
  7778 | Bailey   | Noticed an orc knight
  7784 | Bailey   | Killed an orc knight
  7866 | Bailey   | Noticed an orc knight
  7869 | Bailey   | Killed an orc knight
  8223 | D:10     | Found a portal to a secret trove of treasure.
  8412 | D:10     | Noticed Fannar
  8427 | D:10     | Killed Fannar
  8427 | D:10     | Reached skill level 1 in Armour
  8651 | D:10     | Noticed Snorg
  8666 | D:10     | Reached XP level 11. HP: 101/107 MP: 10/10
  8686 | D:10     | Killed Snorg
  8696 | D:10     | Reached ***** piety under Trog
  8699 | D:10     | HP: 5/109 [killer bee (1)]
  8700 | D:10     | Slain by a killer bee

Skill      XL: |  1  2  3  4  5  6  7  8  9 10 11 |
---------------+----------------------------------+-----
Unarmed Combat | 4 5 6 8 10 11 12 | 12.8
Fighting       | 4 6 7 |  7.1
Dodging        | 4 6 7 |  7.1
Armour         | 1 2 |  2.6

Action                   |  1- 3 |  4- 6 |  7- 9 | 10-12 || total
-------------------------+-------+-------+-------+-------++-------
Melee: Unarmed           |    89 |   139 |   206 |   182 ||   616
       Punch             |     2 |     5 |     7 |     8 ||    22
Throw: Stone             |     1 |    11 |     8 |       ||    20
       Javelin           |       |       |     1 |     1 ||     2
       Tomahawk          |       |       |     1 |       ||     1
Invok: Berserk           |       |     1 |     4 |     4 ||     9
       Trog's Hand       |       |       |     1 |     2 ||     3
       Brothers in Arms  |       |       |       |     1 ||     1
  Use: Scroll            |       |     7 |     5 |     2 ||    14
       Potion            |       |     2 |       |     2 ||     4
  Eat: Chunk             |    14 |    19 |    35 |    20 ||    88
       Ration            |       |       |     1 |       ||     1
Armor: Animal skin       |    31 |    26 |    37 |    22 ||   116
       Steam dragon scal |       |       |       |    22 ||    22
Dodge: Dodged            |    35 |    58 |   128 |   128 ||   349
